AoeStats
← Solinero

Arena

509879865Analyzed
1v1 RM · 3d ago on Sep 28, 2026· 49m 36s· 2 players
Game mode
Random Map
Map size
Tiny (2 player)
Population
200
Speed
Normal
Resources
Standard
Victory
Conquest
Starting age
Dark Age
Ending age
Imperial Age
RankedLock teamsTeams togetherTeam positionsShared explorationLock speedFull tech treeHidden civsTurbo modeCheats
Victory
Defeat
🇩🇪 Armenians · Germany
575
+13
🇪🇨 Goths · Ecuador
515
-13
sebase76
1:07 Loom
10:43 Feudal Age
11:21 Double-Bit Axe
21:03 Castle Age
20:05 Horse Collar
20:17 Stone Mining
23:48 Wheelbarrow
23:08 Town Watch
29:20 Forging
29:11 Scale Mail Armor
30:53 Squires
35:00 Hand Cart
34:59 Anarchy
35:53 Gold Mining
36:25 Ballistics
36:17 Masonry
36:50 Iron Casting
38:45 Murder Holes
42:02 Imperial Age
42:22 Chain Mail Armor
42:25 Squires
43:34 Elite Huskarl
44:40 Conscription
44:34 Perfusion
43:59 Capped Ram
44:34 Heavy Scorpion
Solinero
11:23 Feudal Age
12:27 Loom
15:37 Castle Age
14:58 Horse Collar
17:47 Double-Bit Axe
21:36 Heavy Plow
22:07 Man-at-Arms
23:20 Long Swordsman
24:28 Scale Mail Armor
24:38 Forging
26:36 Chain Mail Armor
26:56 Iron Casting
25:46 Two-Handed Swordsman
27:34 Wheelbarrow
27:23 Arson
27:45 Squires
31:33 Champion
33:22 Hand Cart
32:58 Gambesons
34:13 Town Watch
41:28 Imperial Age
40:42 Bow Saw
40:23 Gold Mining
40:24 Stone Mining
40:40 Padded Archer Armor
40:30 Fletching
42:51 Block Printing
42:49 Fervor
43:12 Sanctity
43:52 Conscription
43:41 Fereters
45:41 Elite Composite Bowman
Connection lost

Rejoining the realm…

Still unreachable

The connection could not be restored.

Session expired

The server has moved on; the page needs a fresh start.